 Dungeon Crawl Stone Soup version 0.29.1-1-gd02db6906a (webtiles) character file.

Game seed: 10142846587898077948

551 EvilAshe the Spear-Bearer (level 7, -5/52 HPs)
             Began as a Merfolk Monk on Oct 2, 2022.
             Slain by Menkaure (13 damage)
             ... on level 5 of the Dungeon.
             The game lasted 00:10:59 (5313 turns).

EvilAshe the Spear-Bearer (Merfolk Monk)            Turns: 5313, Time: 00:10:59

Health: -5/52      AC: 11    Str: 14    XL:     7   Next: 29%
Magic:  7/7        EV:  7    Int:  9    God:
Gold:   124        SH:  0    Dex: 16    Spells: 6/6 levels left

rFire   . . .      SeeInvis +   a - +0 spear
rCold   . . .      Faith    .   (no shield)
rNeg    . . .      Spirit   .   r - +1 chain mail
rPois   .          Reflect  .   y - +2 hat {SInv}
rElec   .          Harm     .   (no cloak)
rCorr   .          Rampage  .   (no gloves)
Will    .....                   (no boots)
Stlth   ..........              (no amulet)
HPRegen 0.17/turn               f - ring of see invisible
MPRegen 0.10/turn               (no ring)

@: no status effects
A: (nimble swimmer 2), mertail
a: no special abilities


You were on level 5 of the Dungeon.
You visited 1 branch of the dungeon, and saw 5 of its levels.

You collected 183 gold pieces.
You spent 59 gold pieces at shops.

Inventory:

Hand Weapons
 a - a +0 spear (weapon)
 s - the +10 mace of the People {vorpal, rElec rPois Int+4 Dex+2}
   (You found it on level 3 of the Dungeon)

   It inflicts extra damage upon your enemies.
   Int:       It affects your intelligence (+4).
   Dex:       It affects your dexterity (+2).
   rElec:     It insulates you from electricity.
   rPois:     It protects you from poison.
Missiles
 e - 4 poisoned darts (quivered)
Armour
 r - a +1 chain mail (worn)
 y - a +2 hat of see invisible (worn)
Jewellery
 f - a ring of see invisible (left hand)
Wands
 b - a wand of mindburst (4)
Scrolls
 g - a scroll of acquirement {unknown}
 i - a scroll of teleportation
 j - 2 scrolls of blinking {unknown}
 l - a scroll of fear {unknown}
 m - a scroll of noise {unknown}
 p - 2 scrolls of identify
 t - a scroll of immolation {unknown}
Potions
 c - a potion of ambrosia
 d - 4 potions of flight
 n - a potion of brilliance {unknown}
 o - 2 potions of attraction
 q - a potion of mutation {unknown}
 u - a potion of invisibility {unknown}
 v - a potion of might {unknown}
 w - a potion of haste {unknown}


   Skills:
 - Level 3.2 Fighting
 * Level 10.6 Polearms
 - Level 4.0 Dodging
 - Level 2.1 Stealth


You had 6 spell levels left.
You didn't know any spells.
Your spell library contained the following spells:

 Spells                   Type           Power      Damage    Failure   Level
 Apportation              Tloc           0%         N/A       100%        1
 Necrotise                Necr           0%         1d4       100%        1
 Summon Small Mammal      Summ           0%         N/A       100%        1


Dungeon Overview and Level Annotations

Branches:
Dungeon (5/15)
 Temple: D:4-7

Altars:
Gozag

Shops:
D:4 *

Annotations:
D:2 1 runed translucent door, Crazy Yiuf
D:4 Blork the orc
D:5 Menkaure


Innate Abilities, Weirdness & Mutations

((You are very nimble when in or above water. (Stealth+, EV+, Speed+++)))
Your lower body shifts to a powerful aquatic tail in water.


Message History

You closely miss the scorpion.
The scorpion is severely wounded.
You hit the scorpion.
The scorpion is almost dead.
The scorpion stings you but does no damage.
You hit the scorpion.
You kill the scorpion!
You see here a scorpion corpse.
You reach to attack!
You barely miss Menkaure.
You reach to attack!
You hit Menkaure.
Menkaure is lightly damaged.
Menkaure gestures wildly while chanting.
Menkaure seems to speed up.
You reach to attack!
You hit Menkaure.
Menkaure is lightly damaged.
You reach to attack!
You hit Menkaure.
Menkaure is moderately damaged.
You hit Menkaure.
Menkaure is moderately damaged.
Menkaure hits you!
You hit Menkaure.
Menkaure is heavily damaged.
You hit Menkaure but do no damage.
Menkaure is heavily damaged.
Menkaure hits you!
You hit Menkaure but do no damage.
Menkaure is heavily damaged.
Menkaure sighs, "Let me perform the rites..."
Menkaure barely misses you.
You hit Menkaure.
Menkaure is heavily damaged.
Menkaure hits you!
* * * LOW HITPOINT WARNING * * *
You hit Menkaure.
Menkaure is heavily damaged.
Okay, then.
You hit Menkaure.
Menkaure is severely damaged.
Menkaure hits you!
You die...

#.......##.# #.#
#.....).##.# #.#
#.......##.## #.#
####.####...###.#
#............#
######...#####
#..## #.## #@#
#M# #.# #.# #.#
#.# #.# ##.# #..#


You could see Menkaure (fast).

Vanquished Creatures
  A water moccasin (D:4)
  2 scorpions
  2 jellies
  2 hounds
  3 iguanas
  7 adders
  A worm (D:2)
  2 dart slugs
  3 orcs
  7 endoplasms
  2 giant cockroaches
  4 goblins
  2 hobgoblins
  A jackal (D:4)
  A quokka (D:1)
  11 ball pythons
  4 bats
  A frilled lizard (D:1)
  7 kobolds
  3 rats
66 creatures vanquished.

Notes
Turn   | Place    | Note
-------+----------+-------------------------------------------
     0 | D:1      | EvilAshe the Merfolk Monk began the quest for the Orb.
     0 | D:1      | Reached XP level 1. HP: 18/18 MP: 1/1
   222 | D:1      | Reached XP level 2. HP: 24/24 MP: 2/2
   402 | D:1      | Reached skill level 5 in Polearms
  1082 | D:2      | Reached XP level 3. HP: 18/29 MP: 3/3
  1541 | D:2      | Reached skill level 6 in Polearms
  1762 | D:2      | Found a runed translucent door.
  1763 | D:2      | Noticed Crazy Yiuf
  2082 | D:3      | Reached XP level 4. HP: 16/35 MP: 4/4
  2412 | D:3      | Reached skill level 7 in Polearms
  2478 | D:3      | Identified the +10 mace of the People {vorpal, rElec rPois
                  | Int+4 Dex+2}
  3103 | D:4      | Reached XP level 5. HP: 37/41 MP: 5/5
  3335 | D:4      | Reached skill level 8 in Polearms
  3563 | D:4      | Found Zimolef's General Store.
  3566 | D:4      | Found Kucuor's Specific Store.
  3580 | D:4      | Bought a potion of curing for 33 gold pieces
  3584 | D:4      | Bought a scroll of identify for 26 gold pieces
  3761 | D:4      | Reached XP level 6. HP: 22/47 MP: 6/6
  3997 | D:4      | Reached skill level 9 in Polearms
  4141 | D:4      | Noticed Blork the orc
  4153 | D:4      | HP: 1/47 [Blork the orc/puff of frost (4)]
  4509 | D:5      | Entered Level 5 of the Dungeon
  4513 | D:5      | Noticed a water moccasin
  4548 | D:4      | Killed a water moccasin
  4859 | D:5      | Reached skill level 10 in Polearms
  4906 | D:5      | Reached XP level 7. HP: 52/52 MP: 7/7
  5261 | D:5      | Found an opulent altar of Gozag.
  5262 | D:5      | Noticed Menkaure
  5313 | D:5      | Slain by Menkaure

Illustrated notes

Levels and vault maps discovered:
D:1:      tarquinn_simple_flora_water_b, layout_loops_ring, chequers_garden
D:2:      layout_basic, uniq_crazy_yiuf_cottage
D:3:      layout_basic
D:4:      minmay_inner_zag, layout_loops_cross, nicolae_specific_store,
          uniq_blork_the_orc
D:5:      layout_loops_ring, nicolae_dithmenos_the_darkroom,
          mainiacjoe_overflow_catwalk_spiral, dreamdust_gnoll_farm,
          uniq_menkaure

Skill      XL: |  1  2  3  4  5  6 |
---------------+-------------------+-----
Polearms       | 5 6 7 8 10 | 10.6
Fighting       | |  3.2
Dodging        | |  4.0
Stealth        | |  2.1

Action                   |  1- 3 |  4- 6 |  7- 9 || total
-------------------------+-------+-------+-------++-------
Melee: Spear             |   153 |   199 |    52 ||   404
       Punch             |       |     3 |     1 ||     4
Throw: Dart              |       |       |     4 ||     4
  Use: Potion            |     3 |     5 |       ||     8
       Scroll            |       |     3 |       ||     3
 Stab: Sleeping          |    10 |       |       ||    10
Armor: Robe              |     5 |       |       ||     5
       Leather armour    |     8 |       |       ||     8
       Chain mail        |     7 |    50 |     8 ||    65
       Skin              |       |     2 |       ||     2
Dodge: Dodged            |    66 |    50 |     7 ||   123
